 Seeded DCSS version 0.24.0-37-gcf1ca852f1 (console) character file.

Game seed: 93891015573, levelgen mode: deterministic

122130 Kagalorn the Fighter (level 17, -9/140 HPs)
             Began as a Human Hunter on Dec 6, 2019.
             Was a High Priest of Trog.
             Mangled by a black mamba (10 damage)
             ... on level 2 of the Snake Pit.
             The game lasted 02:10:48 (36354 turns).

Kagalorn the Fighter (Human Hunter)                Turns: 36354, Time: 02:10:49

Health: -9/140     AC: 29    Str: 21    XL:     17   Next: 41%
Magic:  0/7        EV: 10    Int: 11    God:    Trog [*****.]
Gold:   2264       SH:  0    Dex: 13    Spells: 16/16 levels left

rFire    + . .     SeeInvis +   a - +6 quarterstaff (antimagic)
rCold    + . .     Gourm    .   (shield currently unavailable)
rNeg     . . .     Faith    +   Y - +3 gold dragon scales
rPois    +         Spirit   .   o - +0 helmet
rElec    .         Reflect  .   s - +2 cloak
rCorr    .         Harm     .   r - +0 pair of gloves
MR       ++...                  (no boots)
Stlth    ..........             D - amulet of faith
HPRegen  0.33/turn              Z - ring of the Original Sin {MR+ SInv}
MPRegen  0.10/turn              V - +6 ring of evasion

@: about to teleport, constricted
A: no striking features
a: Berserk, Trog's Hand, Brothers in Arms, Renounce Religion


You were on level 2 of the Snake Pit.
You worshipped Trog.
Trog was extremely pleased with you.
You were not hungry.

You visited 5 branches of the dungeon, and saw 26 of its levels.
You also visited: Ice Cave.

You collected 2818 gold pieces.
You spent 554 gold pieces at shops.

Inventory:

Hand Weapons
 a - a +6 antimagic quarterstaff (weapon)
 x - a +0 lajatang
Missiles
 d - 5 throwing nets
 g - 5 datura-tipped darts
 p - 41 poisoned darts (quivered)
 t - a boomerang of dispersal
 v - 25 javelins
 Q - 2 curare-tipped darts
 T - 28 atropa-tipped darts
Armour
 o - a +0 helmet (worn)
 r - a +0 pair of gloves (worn)
 s - a +2 cloak (worn)
 Y - +3 gold dragon scales (worn)
Jewellery
 z - an uncursed ring of ice
 D - an amulet of faith (around neck)
 G - the ring of Wielij {rF+ SInv}
   (You found it on level 5 of the Dungeon)

   [ring of protection from fire]

   It protects you from fire.
   It lets you see invisible.
 J - an uncursed ring of protection from cold
 N - an uncursed ring of resist corrosion
 V - a +6 ring of evasion (right hand)
 Z - the ring of the Original Sin (left hand) {MR+ SInv}
   (You found it on level 1 of the Lair of Beasts)

   [ring of see invisible]

   It affects your resistance to hostile enchantments.
   It lets you see invisible.
Wands
 y - a wand of paralysis (8)
 F - a wand of acid (9)
 P - a wand of digging (1)
 U - a wand of flame (54)
 X - a wand of clouds (6)
Scrolls
 b - a scroll of silence
 h - 15 scrolls of remove curse
 j - 3 scrolls of enchant armour
 k - a scroll of fear
 m - 6 scrolls of magic mapping
 n - 7 scrolls of enchant weapon
 u - 8 scrolls of teleportation
 L - 3 scrolls of holy word
 O - 4 scrolls of fog
 S - a scroll of brand weapon
Potions
 c - 4 potions of might
 e - 5 potions of haste
 i - a potion of berserk rage
 l - 7 potions of flight
 q - a potion of ambrosia
 A - a potion of magic
 B - 5 potions of curing
 E - 4 potions of agility
 H - a potion of lignification
 I - 2 potions of mutation
 K - a potion of invisibility
 M - 6 potions of brilliance
 R - 2 potions of cancellation
Comestibles
 f - 20 rations


   Skills:
 * Level 14.9 Fighting
 - Level 14.0 Staves
 * Level 13.6 Throwing
 * Level 14.6 Armour
 * Level 5.6 Dodging
 - Level 1.0 Stealth
 * Level 5.8 Evocations


You had 16 spell levels left.
You didn't know any spells.
Your spell library was empty.

Dungeon Overview and Level Annotations

Branches:
Dungeon (15/15)            Temple (1/1) D:5            Lair (6/6) D:11
 Shoals (0/4) Lair:3        Snake (2/4) Lair:2        Slime (0/5) Lair:5
    Orc (2/2) D:10            Elf (0/3) Orc:2        Vaults (0/5) D:14
 Depths (0/5) D:15          IceCv (visited)

Altars:
Ashenzari
Cheibriados
Dithmenos
Elyvilon
Fedhas
Gozag
Hepliaklqana
Kikubaaqudgha
Makhleb
Nemelex Xobeh
Okawaru
Qazlal
Ru
Sif Muna
Trog
Uskayaw
Vehumet
Wu Jian
Xom
Yredelemnul
Zin
The Shining One
Lugonu

Shops:
D:6 !   D:7 [   D:10 =   D:11 }[=   D:12 :   Orc:1 }   Orc:2 ??*}

Portals:
Hell: Lair:6
Trove: D:14 (give 2 scrolls of acquirement)


Message History

The mana viper bites you but does no damage.
You miss the black mamba.
The black mamba is heavily wounded.
The black mamba bites you but does no damage.
The anaconda bites you but does no damage. x2
The anaconda constricts you.
The salamander hits you with a +0 trident.
* * * LOW HITPOINT WARNING * * *
You are engulfed in flames.
You resist.
* * * LOW HITPOINT WARNING * * *
The black mamba bites you.
* * * LOW HITPOINT WARNING * * *
Your gold dragon scales prevents you from hitting the black mamba.
The black mamba is moderately wounded.
The anaconda seems to regain its courage.
The black mamba closely misses you. The mana viper closely misses you.
The anaconda bites you but does no damage.
The anaconda closely misses you. The anaconda constricts you.
The black mamba bites you!
You die...

#.##.......##....⌠#
......SN..)......##
............#.#..#
##............#..##
...#.......N.....8
.# ####...!...S..#
###.#..NN..#
#.#N##SS.##
#..NNS@N.8#
..$..##SS.## ...
#....?# . #.....#
####..# .... #S..
...


You could see 2 salamander mystics, 2 salamanders, 3 anacondas, a mana viper, a
guardian serpent, 2 black mambas, a naga mage and 2 nagas.

Vanquished Creatures
  The ghost of Luseeria the Thaumaturge, a journeyman GrEE of Vehumet (D:13)
  A stone giant (Orc:2)
  Nessos (D:12)
  An ettin (Orc:1)
  2 blizzard demons (IceCv)
  A fire dragon (Lair:1)
  Snorg (Lair:4)
  4 vault guards (D:14)
  The ghost of Vew Pil the Grappler, a journeyman DrTm of Okawaru (Lair:1)
  5 naga warriors (Snake:1)
  A catoblepas (D:15)
  3 centaur warriors
  An anaconda (Snake:1)
  5 hydras
  8 two-headed ogres
  An ogre mage (D:15)
  2 tengu warriors
  3 orc high priests (Orc:2)
  2 naga sharpshooters (Snake:1)
  A sun demon (Lair:6)
  Nergalle (D:12)
  A fire crab (Lair:6)
  2 naga ritualists (Snake:1)
  3 unseen horrors
  Pikel (D:5)
  5 wizards
  A spectral wolf spider (D:13)
  2 wolf spider zombies
  5 orc knights (Orc:2)
  4 mana vipers (Snake:1)
  2 oklob plants
  2 salamanders (Snake:1)
  3 orc sorcerers
  An ugly thing (D:11)
  A cyclops (D:12)
  4 spectral centaurs (D:13)
  2 manticores
  2 centaur zombies (D:13)
  3 ice statues (IceCv)
  Joseph (D:7)
  17 elephants
  4 gargoyles
  11 black mambas
  15 spiny frogs
  2 orange demons (Lair:6)
  5 naga magi
  A guardian serpent (Snake:1)
  A yaktaur (D:14)
  11 ice devils
  2 kobold demonologists
  2 komodo dragons
  4 rime drakes (Lair:6)
  A hellwing (Lair:6)
  2 anaconda simulacra (IceCv)
  A polar bear (Lair:2)
  9 meliai
  3 red devils (Lair:6)
  2 tengu conjurers (D:15)
  A queen bee (Lair:4)
  7 trolls
  A wolf spider simulacrum (D:13)
  A hornet (D:14)
  10 slime creatures
  10 blink frogs
  4 hippogriffs
  4 dream sheep (Lair:5)
  A centaur simulacrum (D:13)
  57 yaks
  2 shadows
  2 wyverns
  A wraith (D:13)
  3 basilisks
  3 dire elephant simulacra (IceCv)
  18 humans (D:14)
  12 vampire mosquitoes
  2 wargs (Orc:1)
  11 nagas (Snake:1)
  2 harpy simulacra (IceCv)
  2 hydra simulacra (IceCv)
  An iron troll simulacrum (IceCv)
  11 water moccasins
  3 hell hounds (Lair:6)
  24 orc warriors
  12 porcupines
  A hornet zombie (D:12)
  5 black bears
  3 ice beasts
  3 sky beasts
  A slave (D:5)
  An eye of draining (D:12)
  A phantom (D:10)
  A necrophage (D:12)
  6 wolves (Lair:1)
  7 ogres
  18 centaurs
  14 crocodiles
  16 bullfrogs
  5 big kobolds
  Blork the orc (D:5)
  A wyvern zombie (D:9)
  9 scorpions
  A water moccasin skeleton (D:6)
  33 killer bees
  5 wights (D:10)
  4 howler monkeys
  An electric eel (Lair:2)
  5 crimson imps
  A bullfrog zombie (D:9)
  2 centaur skeletons
  3 hounds
  8 jellies
  20 orc priests
  21 orc wizards
  3 bullfrog skeletons
  2 iguanas
  9 worker ants
  2 hell rats (Lair:4)
  A killer bee zombie (D:5)
  A hound zombie (D:9)
  A hound skeleton (D:7)
  Robin (D:2)
  A howler monkey zombie (D:8)
  A worker ant zombie (D:9)
  14 gnolls
  17 adders
  2 river rats (Lair:4)
  2 shadow imps
  10 oozes
  2 adder skeletons (D:8)
  6 worms
  4 dart slugs
  4 leopard geckos
  95 orcs
  A ball python (Lair:2)
  9 giant cockroaches
  11 goblins
  18 hobgoblins
  10 jackals
  5 quokkas
  19 bats
  7 frilled lizards
  24 kobolds
  A leopard gecko skeleton (D:5)
  11 rats
  A plant (Lair:2)
881 creatures vanquished.

Vanquished Creatures (collateral kills)
  Louise (D:14)
  A stone giant (Orc:1)
  A naga warrior (Snake:1)
  3 hydras
  An anaconda (Snake:1)
  2 naga ritualists (Snake:1)
  An orc knight (Orc:1)
  2 orc sorcerers (Orc:2)
  5 black mambas (Snake:1)
  A hornet (D:14)
  6 yaks (Lair:1)
  A vampire mosquito (D:14)
  2 wargs (Orc:1)
  4 water moccasins
  3 orc warriors (Orc:1)
  A bullfrog (Lair:1)
  2 orc priests (Orc:1)
  An orc wizard (Orc:2)
  2 orcs (Orc:1)
40 creatures vanquished.

Vanquished Creatures (others)
  A black mamba (Lair:6)
  An ice devil (IceCv)
  A giant cockroach (D:3)
  15 fungi
  17 plants
35 creatures vanquished.

Grand Total: 956 creatures vanquished

Notes
Turn   | Place    | Note
-------+----------+-------------------------------------------
     0 | D:1      | Kagalorn the Human Hunter began the quest for the Orb.
     0 | D:1      | Reached XP level 1. HP: 16/16 MP: 1/1
   506 | D:1      | Reached XP level 2. HP: 19/22 MP: 2/2
   832 | D:1      | Reached XP level 3. HP: 17/27 MP: 3/3
  1221 | D:2      | Noticed Robin
  1264 | D:2      | Found a faded altar of an unknown god.
  1687 | D:1      | Reached skill level 5 in Throwing
  1763 | D:2      | Reached XP level 4. HP: 34/34 MP: 4/4
  2229 | D:2      | Killed Robin
  2462 | D:2      | Reached XP level 5. HP: 41/41 MP: 5/5
  3317 | D:3      | Found a shadowy altar of Dithmenos.
  3933 | D:3      | Found a radiant altar of Vehumet.
  4225 | D:3      | Reached XP level 6. HP: 45/48 MP: 6/6
  4294 | D:3      | Found an ancient bone altar of Kikubaaqudgha.
  4444 | D:3      | Found a bloodstained altar of Trog.
  4810 | D:3      | Became a worshipper of Trog the Wrathful
  4922 | D:4      | Found a hide-covered altar of Uskayaw.
  4925 | D:4      | Noticed a -2 hand axe
  4925 | D:4      | Noticed a +0 dagger
  5243 | D:5      | Entered Level 5 of the Dungeon
  5532 | D:5      | Reached skill level 1 in Armour
  5673 | D:5      | Noticed a slave
  5713 | D:5      | Killed a slave
  5835 | D:5      | Found a staircase to the Ecumenical Temple.
  5852 | D:5      | Got a brightly glowing bone ring
  5859 | Temple   | Entered the Ecumenical Temple
  5920 | D:5      | Noticed Blork the orc
  5934 | D:5      | Killed Blork the orc
  5934 | D:5      | Reached skill level 1 in Staves
  5934 | D:5      | Reached XP level 7. HP: 39/55 MP: 7/7
  7020 | D:5      | Found a shimmering altar of Xom.
  7164 | D:5      | Found a burning altar of Makhleb.
  7201 | D:5      | Noticed Pikel
  7241 | D:5      | Killed Pikel
  7241 | D:5      | Reached skill level 5 in Fighting
  7241 | D:5      | Reached skill level 5 in Staves
  7241 | D:5      | Reached XP level 8. HP: 62/62 MP: 8/8
  7378 | D:5      | Found a blossoming altar of Fedhas.
  7821 | D:6      | Identified the ring of Wielij {rF+ SInv} (You found it on
                  | level 5 of the Dungeon)
  7924 | D:6      | Reached * piety under Trog
  8098 | D:6      | Reached XP level 9. HP: 65/68 MP: 9/9
  8113 | D:6      | Found an ornate altar of the Wu Jian Council.
  8249 | D:6      | Found Ucwymifa's Distillery.
  8293 | D:6      | Bought a potion of lignification for 42 gold pieces
  8626 | D:7      | Found a white marble altar of Elyvilon.
  9022 | D:7      | Noticed Joseph
  9029 | D:7      | Killed Joseph
  9116 | D:7      | Reached ** piety under Trog
  9230 | D:7      | Reached XP level 10. HP: 69/74 MP: 10/10
  9240 | D:7      | Found Tauguuhicw's Antique Armour Shoppe.
  9407 | D:7      | Found a hazy altar of Hepliaklqana.
  9493 | D:7      | Reached skill level 10 in Staves
 10053 | D:8      | Found the +7 Singing Sword {slice, sonic wave}
 10102 | D:8      | Found a shimmering blue altar of Sif Muna.
 10389 | D:8      | Noticed a two-headed ogre
 10393 | D:8      | Reached *** piety under Trog
 10417 | D:8      | Killed a two-headed ogre
 10861 | D:8      | Found a sparkling altar of Nemelex Xobeh.
 10864 | D:8      | Found a basalt altar of Yredelemnul.
 10872 | D:8      | Found a glowing golden altar of the Shining One.
 11540 | D:8      | Reached **** piety under Trog
 11571 | D:8      | Received a gift from Trog
 11637 | D:9      | Noticed a two-headed ogre
 11797 | D:8      | Reached XP level 11. HP: 70/80 MP: 11/11
 12017 | D:9      | Killed a two-headed ogre
 12276 | D:9      | Found a glowing silver altar of Zin.
 12544 | D:10     | Entered Level 10 of the Dungeon
 12623 | D:10     | Found a staircase to the Orcish Mines.
 13548 | D:10     | Reached ***** piety under Trog
 13612 | D:11     | Found Issul's Jewellery Emporium.
 13627 | D:11     | Noticed a two-headed ogre
 13955 | D:11     | Noticed a manticore
 13970 | D:11     | Killed a manticore
 14041 | D:11     | Reached XP level 12. HP: 91/91 MP: 12/12
 14052 | D:11     | Reached skill level 5 in Armour
 14204 | D:11     | Killed a two-headed ogre
 14300 | D:11     | Found Conwiudd's Antique Armour Boutique.
 14434 | D:11     | Found Ziokhly's Gadget Shop.
 14509 | D:11     | Found a staircase to the Lair.
 14816 | Lair:1   | Entered Level 1 of the Lair of Beasts
 14830 | Lair:1   | Received a gift from Trog
 14928 | Lair:1   | Noticed a seven-headed hydra
 14949 | Lair:1   | Killed a seven-headed hydra
 15098 | Lair:1   | Found a runed translucent door.
 15441 | Lair:1   | Received a gift from Trog
 15547 | Lair:1   | Noticed an eight-headed hydra
 15552 | Lair:1   | Killed an eight-headed hydra
 15576 | Lair:1   | Noticed a fire dragon
 15594 | Lair:1   | Killed a fire dragon
 15613 | Lair:1   | Got a slimy granite ring
 15636 | Lair:1   | Identified the ring of the Original Sin {MR+ SInv} (You
                  | found it on level 1 of the Lair of Beasts)
 15641 | Lair:1   | Got a brightly glowing hunting sling
 15642 | Lair:1   | Identified the +6 hunting sling "Ickul" {velocity, rPois
                  | rC+ Dex+3} (You found it on level 1 of the Lair of Beasts)
 15852 | Lair:1   | Noticed Vew Pil's ghost (journeyman DrTm)
 15916 | Lair:2   | Noticed a seven-headed hydra
 15923 | Lair:2   | Killed a seven-headed hydra
 16050 | Lair:2   | Noticed a five-headed hydra
 16067 | Lair:2   | Killed a five-headed hydra
 16109 | Lair:2   | Received a gift from Trog
 16142 | Lair:2   | Found a staircase to the Snake Pit.
 16360 | Lair:2   | Reached XP level 13. HP: 80/102 MP: 13/13
 16751 | Lair:2   | Got an ichor-stained mace
 16752 | Lair:2   | Identified the +2 mace of Midnight {crush, *Slow Str+7
                  | SInv} (You found it on level 2 of the Lair of Beasts)
 16812 | Lair:2   | Reached skill level 10 in Fighting
 17485 | Lair:3   | Received a gift from Trog
 17543 | Lair:3   | Found a staircase to the Shoals.
 17720 | Lair:4   | Noticed Snorg
 17938 | Lair:3   | Reached skill level 10 in Armour
 18439 | Lair:4   | Reached skill level 5 in Dodging
 18616 | Lair:4   | Received a gift from Trog
 19012 | Lair:4   | Killed Snorg
 19012 | Lair:4   | Reached skill level 10 in Throwing
 20003 | Lair:5   | Found a staircase to the Slime Pits.
 20532 | Lair:6   | Entered Level 6 of the Lair of Beasts
 20634 | Lair:5   | Reached XP level 14. HP: 92/110 MP: 14/14
 20681 | Lair:6   | Received a gift from Trog
 22319 | Lair:6   | Reached skill level 1 in Evocations
 23277 | Lair:6   | Found a burning altar of Makhleb.
 23747 | Lair:6   | Found a gateway to Hell.
 24256 | D:12     | Received a gift from Trog
 24330 | D:12     | Noticed Nergalle
 24355 | D:12     | Killed Nergalle
 24355 | D:12     | Reached XP level 15. HP: 118/118 MP: 2/16
 24424 | D:12     | Found Xoobb's Book Boutique.
 24428 | D:12     | Noticed Nessos
 24440 | D:12     | Killed Nessos
 24790 | D:13     | Received a gift from Trog
 25129 | D:13     | Found a runed translucent gate.
 25130 | D:13     | Found a runed translucent gate.
 25130 | D:13     | Found a runed translucent gate.
 25140 | D:13     | Noticed Luseeria's ghost (journeyman GrEE)
 25251 | D:13     | Identified the +5 battleaxe "Liatedea" {speed, rElec} (You
                  | found it on level 13 of the Dungeon)
 25473 | D:13     | Received a gift from Trog
 26026 | D:14     | Received a gift from Trog
 26321 | D:14     | Noticed Louise
 26369 | D:14     | Killed Louise
 26828 | D:14     | Found a gate to the Vaults.
 27106 | D:14     | Found a stormy altar of Qazlal.
 27229 | D:14     | Found a portal to a secret trove of treasure.
 27575 | Orc:1    | Entered Level 1 of the Orcish Mines
 27575 | Orc:1    | Noticed a stone giant
 27584 | Orc:1    | Killed a stone giant
 27784 | D:10     | Received a gift from Trog
 27976 | Orc:1    | Found Ziowk's Gadget Emporium.
 28148 | Orc:2    | Entered Level 2 of the Orcish Mines
 28633 | Orc:2    | Noticed a stone giant
 28650 | Orc:2    | Killed a stone giant
 28650 | Orc:2    | Received a gift from Trog
 28650 | Orc:2    | Reached XP level 16. HP: 130/130 MP: 6/19
 28825 | Orc:2    | Found a staircase to the Elven Halls.
 29957 | Orc:2    | Found Nairal's Gadget Shop.
 29957 | Orc:2    | Found Pearaiz's General Store.
 29959 | Orc:2    | Found Ragguefu's Magic Scroll Shop.
 29959 | Orc:2    | Found Kymunary's Magic Scroll Emporium.
 29975 | Orc:2    | Bought a scroll of blinking for 112 gold pieces
 29975 | Orc:2    | Bought a scroll of fog for 30 gold pieces
 29975 | Orc:2    | Bought a scroll of silence for 112 gold pieces
 29975 | Orc:2    | Bought a scroll of enchant weapon for 112 gold pieces
 29975 | Orc:2    | Bought a scroll of enchant weapon for 112 gold pieces
 29986 | Orc:2    | Bought a scroll of identify for 34 gold pieces
 30126 | Orc:2    | Received a gift from Trog
 30480 | D:15     | Entered Level 15 of the Dungeon
 30564 | D:15     | Received a gift from Trog
 31572 | D:15     | Found a staircase to the Depths.
 31946 | D:13     | Reached skill level 5 in Evocations
 31969 | D:13     | Killed Luseeria's ghost
 32200 | Lair:1   | Killed Vew Pil's ghost
 32506 | Snake:1  | Entered Level 1 of the Snake Pit
 32595 | Snake:1  | Received a gift from Trog
 32607 | Snake:1  | Found a shimmering altar of Xom.
 32608 | Snake:1  | Found a frozen archway.
 32819 | IceCv    | Entered an ice cave
 32999 | IceCv    | Received a gift from Trog
 33402 | IceCv    | Reached XP level 17. HP: 115/140 MP: 7/21
 36351 | Snake:2  | HP: 7/140 [mana viper (4)]
 36353 | Snake:2  | HP: 2/140 [salamander/+0 trident (4)]
 36354 | Snake:2  | Mangled by a black mamba

Levels and vault maps discovered:
D:1:      minmay_arrival_four_houses, layout_loops_ring,
          hangedman_feature_mirror
D:2:      layout_loops_ring, chequers_ecumenical_altar_simple, uniq_robin
D:3:      layout_loops_corners, fiery_altar_vehumet, lemuel_round_altar,
          kiku_gazebo_garden_becter, lemuel_coloured_pillars_altar, first_ration
D:4:      layout_rooms, dancing_weapons_uskayaw, serial_forest,
          infiniplex_forest_zigzag_2, infiniplex_forest_clump_small,
          infiniplex_forest_clump_medium, infiniplex_forest_zigzag_1,
          infiniplex_forest_clump_double
D:5:      layout_basic, lemuel_crystal_altar, kennysheep_mini,
          minmay_temple_entry_mini_moons, basic_altar, uniq_blork_the_orc,
          uniq_pikel
D:6:      layout_loops_corners, lemuel_crystal_altar, serial_shops,
          shop_fountains, serial_rivers, chequers_serial_rivers_room_b,
          chequers_serial_rivers_micro_b, chequers_serial_rivers_micro_e,
          chequers_serial_rivers_micro_c
D:7:      layout_basic, lemuel_crystal_altar, elyvilon_altar_5, serial_shops,
          nicolae_shop_trees, uniq_joseph
D:8:      old_forge, layout_basic, grunt_temple_overflow_diamond,
          lemuel_doored_altar
D:9:      layout_big_octagon, zin_treasury
D:10:     layout_basic, orc_david_3
D:11:     layout_basic, grunt_lair_entry_orc_guard_hut, serial_shops, shop,
          shop_coins, shop
D:12:     layout_small_grid, serial_shops, nicolae_shop_crystal, uniq_nergalle,
          uniq_nessos
D:13:     layout_long_grid, gammafunk_ghost_necromancy
D:14:     layout_loops_ring, grunt_vaults_entry_tiered, serial_park_square3
          [serial_park_minivault_5x5_8], trove_entry_hex_spiral,
          hangedman_little_slice_of_home, minivault_16,
          nicolae_qazlal_general_emergency, uniq_louise
D:15:     grunt_enter_depths_magical_seal, layout_basic
Temple:   corrupted_temple
Lair:1:   dragon1_lemuel, layout_cave_pods, ebering_ghost_reflecting_pool
Lair:2:   layout_long_grid, minmay_snake_entry_six_corridors,
          gammafunk_lair_bear_cave, infiniplex_staircase_pool_2,
          minmay_lair_oklob_chamber
Lair:3:   layout_roguey, shoals_dummy_entry
Lair:4:   layout_roguey [special_room_bee], minivault_23,
          kennysheep_abandoned_house, infiniplex_staircase_pool, uniq_snorg
Lair:5:   layout_layer_cave, nicolae_slime_entry_slimehenge
Lair:6:   evil_forest, layout_long_grid
Snake:1:  layout_cave_shapes, basic_altar, portal_ice_cave_entry_pillars_1,
          st_stairs_1, grunt_megastairs_1
Snake:2:  layout_rooms, chequers_hall_statues_wall_a, serial_bayou_shore_b
Orc:1:    layout_caves, serial_shops, shop
Orc:2:    grunt_orc_tribal_feast, layout_caves, mines_bat_river

Skill      XL: |  1  2  3  4  5  6  7  8  9 10 11 12 13 14 15 16 |
---------------+-------------------------------------------------+-----
Throwing       | 5 6 7 8 11 12 13 | 13.6
Fighting       | 3 4 5 7 9 10 11 13 14 | 14.9
Armour         | 1 2 4 8 10 11 12 14 | 14.6
Staves         | 1 5 6 9 12 14 | 14.0
Dodging        | 3 5 |  5.6
Evocations     | 2 4 5 |  5.8
Stealth        | |  1.0

Action                   |  1- 3 |  4- 6 |  7- 9 | 10-12 | 13-15 | 16-18 || total
-------------------------+-------+-------+-------+-------+-------+-------++-------
Melee: Short sword       |   128 |   340 |       |       |       |       ||   468
       Lajatang          |       |    93 |   337 |   914 |  1165 |       ||  2509
       Whip              |       |       |       |    10 |       |       ||    10
       Mace              |       |       |       |       |    29 |       ||    29
       Quarterstaff      |       |       |       |       |   455 |  1187 ||  1642
       Demon whip        |       |       |       |       |   134 |       ||   134
Throw: Dart              |    11 |    18 |    40 |    12 |    16 |     4 ||   101
       Javelin           |       |    17 |     4 |       |       |       ||    21
       Throwing net      |       |     2 |       |       |       |       ||     2
Invok: Berserk           |       |       |     2 |    20 |    25 |    16 ||    63
       Trog's Hand       |       |       |       |     1 |     6 |     7 ||    14
       Brothers in Arms  |       |       |       |     3 |     2 |     3 ||     8
 Abil: Evoke Berserk Rag |       |       |     1 |       |       |       ||     1
Evoke: Wand              |       |       |     1 |       |     1 |       ||     2
  Use: Scroll            |       |       |     9 |    13 |    11 |    10 ||    43
       Potion            |       |       |       |     1 |     1 |     1 ||     3
 Stab: Sleeping          |     3 |     1 |       |       |       |       ||     4
       Held in net/web   |       |     1 |       |     1 |       |       ||     2
       Paralysed         |       |       |     6 |       |     7 |       ||    13
  Eat: Chunk             |     3 |    10 |    11 |    35 |    33 |    12 ||   104
       Ration            |       |     1 |     1 |     2 |    10 |    10 ||    24
Armor: Leather armour    |    40 |    11 |       |       |       |       ||    51
       Plate armour      |       |   280 |   262 |   422 |       |       ||   964
       Skin              |       |       |       |    24 |    25 |       ||    49
       Gold dragon scale |       |       |       |    65 |   912 |   644 ||  1621
Dodge: Dodged            |    90 |   115 |    85 |   404 |  1121 |   598 ||  2413
